 Dungeon Crawl Stone Soup version 0.21.1-1-g345015f (webtiles) character file.

387 tidbits the Insei (level 6, 1/47 HPs)
             Began as a Gnoll Transmuter on Mar 9, 2018.
             Quit the game on level 5 of the Dungeon.
             The game lasted 00:08:28 (930 turns).

tidbits the Insei (Gnoll Transmuter)                 Turns: 930, Time: 00:08:28

Health: 1/47       AC:  2    Str: 12    XL:     6   Next: 78%
Magic:  8/14       EV: 24    Int: 17    God:
Gold:   46         SH:  0    Dex: 21    Spells: 9/15 levels left

rFire    . . .     SeeInvis .     - Unarmed
rCold    + . .     Gourm    .   (shield currently unavailable)
rNeg     . . .     Faith    .   (armour currently unavailable)
rPois    x         Spirit   .   (helmet currently unavailable)
rElec    .         Reflect  .   (cloak currently unavailable)
rCorr    .         Harm     .   (gloves currently unavailable)
MR       .....                  (boots currently unavailable)
Stlth    ++........             (no amulet)
HPRegen  0.15/turn              g - ring of protection from cold
MPRegen  0.14/turn              (no ring)

@: lethally poisoned (1 -> -9), spider-form (expiring), hasted, very quick
A: tiny, distributed training, wild magic 1, strong nose
a: End Transformation


You were on level 5 of the Dungeon.
You were not hungry.
You were a venomous arachnid creature.
You visited 1 branch of the dungeon, and saw 5 of its levels.
You also visited: Sewer.

You collected 46 gold pieces.

Inventory:

Hand Weapons
 f - a +0 hunting sling
 j - a +0 dagger
 k - a cursed -1 dagger
Missiles
 a - 6 arrows
Armour
 b - a +0 robe (melded)
 h - a +0 ring mail
 r - a +0 pair of gloves
Jewellery
 g - a ring of protection from cold (left front leg)
   (You found it on level 1 of the Dungeon)
 m - an uncursed ring of fire
   (You found it on level 4 of the Dungeon)
Wands
 l - a wand of polymorph (10)
Scrolls
 n - a scroll of remove curse {unknown}
 q - a scroll of blinking {unknown}
 t - 2 scrolls of fear
 u - a scroll of fog
Potions
 i - 3 potions of flight
 o - a potion of haste
Books
 c - a book of Changes

   Spells                             Type                      Level
   a - Beastly Appendage              Transmutation                1
   b - Sticks to Snakes               Transmutation                2
   c - Spider Form                    Transmutation/Poison         3
   d - Ice Form                       Ice/Transmutation            4
   e - Blade Hands                    Transmutation                5
Comestibles
 d - 2 rations


   Skills:
 + Level 3.3 Fighting
 + Level 2.1 Short Blades
 + Level 2.1 Long Blades
 + Level 2.1 Axes
 + Level 2.1 Maces & Flails
 + Level 2.1 Polearms
 + Level 2.1 Staves
 + Level 2.1 Slings
 + Level 2.1 Bows
 + Level 2.1 Crossbows
 + Level 2.1 Throwing
 + Level 2.1 Armour
 + Level 5.0 Dodging
 + Level 2.1 Stealth
 + Level 2.1 Shields
 + Level 6.9 Unarmed Combat
 + Level 5.4 Spellcasting
 + Level 1.6 Conjurations
 + Level 1.6 Hexes
 + Level 1.6 Charms
 + Level 1.6 Summonings
 + Level 1.6 Necromancy
 + Level 1.6 Translocations
 + Level 4.1 Transmutations
 + Level 1.6 Fire Magic
 + Level 1.6 Ice Magic
 + Level 1.6 Air Magic
 + Level 1.6 Earth Magic
 + Level 1.6 Poison Magic
 + Level 2.3 Invocations
 + Level 2.1 Evocations


You had 9 spell levels left.
You knew the following spells:

 Your Spells              Type           Power        Failure   Level  Hunger
e - Beastly Appendage     Tmut           ###...       14%         1    None
k - Sticks to Snakes      Tmut           ###.....     17%         2    #......
p - Spider Form           Tmut/Pois      ###.......   36%         3    ##.....


Dungeon Overview and Level Annotations

Branches:
Dungeon (5/15)             Temple (0/1) D:5

Altars:
Hepliaklqana
Qazlal
Wu Jian

Annotations:
D:4 Sigmund
D:5 Eustachio


Innate Abilities, Weirdness & Mutations

Your experience applies equally to all skills.
((You have very sharp teeth.))
Your uncanny sense of smell can sniff out nearby items.
((You have large cloven feet.))
Your spells are a little harder to cast, but a little more powerful.


Message History

Found a leather armour.
Found a stormy altar of Qazlal.
* * * LOW HITPOINT WARNING * * *
You feel sick.
You see here 5 gold pieces.
You now have 46 gold pieces (gained 5).
* * * LOW HITPOINT WARNING * * *
You feel sick.
You see here a cyan potion.
e - a cyan potion Your transformation has ended.
Your +0 robe unmelds from your body.
You are feeling hungry.
* * * LOW HITPOINT WARNING * * *
You feel sick.
* * * LOW HITPOINT WARNING * * *
You feel sick.
* * * LOW HITPOINT WARNING * * *
You feel sick.
* * * LOW HITPOINT WARNING * * *
You feel sick.
You see here a potion of haste.
o - 2 potions of haste (gained 1)
A ball python and Eustachio come into view.
* * * LOW HITPOINT WARNING * * *
You feel sick.
You swap places.
* * * LOW HITPOINT WARNING * * *
You feel sick.
Found a stone staircase leading down.
An orc comes into view. It is wielding a club.
You swap places.
* * * LOW HITPOINT WARNING * * *
You feel sick.
You are no longer poisoned.
Eat a chunk of flesh? (ye/n/q)
You eat the chunk of flesh.
This raw flesh tastes terrible.
It was a potion of mutation.
You feel extremely strange.
You feel less in control of your magic.
Your feet thicken and deform.
Okay, then.
Unknown command.
Your ball python withers and dies!
As you read the scroll of magic mapping, it crumbles to dust.
You feel aware of your surroundings.
You sensed 1 shop/portal.
Unknown command.
Unknown command.
Found a large rock.
There is a shaft here.
You feel yourself speed up.
Casting: Sticks to Snakes
Confirm with . or Enter, or press ? or * to list all spells.
You turn into a venomous arachnid creature.
Your +0 robe melds into your body.
An adder comes into view.
Unknown command.
There is a stone staircase leading down here.
An adder and a crimson imp come into view.
Your transformation is almost over.
The orc shouts!
The crimson imp shouts!
The ball python hisses angrily.
The orc completely misses you.
The adder hisses angrily. x2
You bite the orc!
You kill the orc!
A giant cockroach comes into view.
You see here a club.
A leopard gecko comes into view.
The leopard gecko hisses angrily.
An orc comes into view. It is wielding a war axe.
Casting: Spider Form
Confirm with . or Enter, or press ? or * to list all spells.
You create a snake!
You now have 7 arrows.
The orc shouts!
You hear a shout! x4
The leopard gecko moves out of view.
Casting: Sticks to Snakes
Confirm with . or Enter, or press ? or * to list all spells.
You create a snake!
You now have 6 arrows.
The leopard gecko is sucked into a shaft!
The shaft crumbles and collapses.
The crimson imp blinks!
Unknown command.
You hit the adder.
The adder is poisoned.
The adder is lightly wounded.
The adder completely misses you.
You barely miss the adder.
The adder is lightly wounded.
Your adder closely misses the adder.
The adder bites you.
* * * LOW HITPOINT WARNING * * *
You are lethally poisoned!
The adder poisons you!
Unknown command.
You closely miss the adder.
The adder is lightly wounded.
* * * LOW HITPOINT WARNING * * *
You feel sick. The adder misses you.
Your adder bites the adder.
The adder looks as sick as possible!
Your adder poisons the adder!
The adder bites you.
* * * LOW HITPOINT WARNING * * *
Your ball python barely misses the adder.
Your ball python grabs the adder.
Your ball python constricts the adder.
Are you sure you want to abandon this character and quit the game? (Confirm with "yes".)

,,..........#,,..,*..,*,,,***,,,,
,,..........###..,..#.#**,,,,,,,,
,,@.........#...##.....,,,,,,,,,,
,,..........,........#********,,,
,,.........###.....o###*****,****
,,..........##.........,,,,,*****
*****####.#..#......###.,,,,**,,,
##....##....SSS.....,**,+,,>,
#####..#####.>.SsSs##.,,******,,,
.............####5......,* ****
<......######...........,* ***
†.....###..........#....,* *,*
...............#####<...,* *,,
......########## ***##** ***
......# ......# ......#


You could see a crimson imp, 2 adders, an orc, a giant cockroach, a ball python,
a friendly adder and a friendly ball python.

Vanquished Creatures
  Grinder (D:4)
  The ghost of jazmu the Skirmisher, an amateur DsSk of Sif Muna (D:4)
  A worker ant (D:5)
  An iguana (D:4)
  3 adders
  A river rat (Sewer)
  A shadow imp (D:5)
  A leopard gecko (D:4)
  An orc (D:5)
  4 jackals (D:4)
  A quokka (D:4)
  2 ball pythons (Sewer)
  A bat (D:1)
  7 frilled lizards (Sewer)
  2 kobolds (D:2)
  A leopard gecko skeleton (D:4)
  11 rats
40 creatures vanquished.

Notes
Turn   | Place    | Note
-------+----------+-------------------------------------------
     0 | D:1      | tidbits the Gnoll Transmuter began the quest for the Orb.
     0 | D:1      | Reached XP level 1. HP: 17/17 MP: 6/6
   128 | D:2      | Found an ornate altar of the Wu Jian Council.
   227 | D:4      | Reached XP level 2. HP: 17/23 MP: 5/7
   231 | D:4      | Learned a level 2 spell: Sticks to Snakes
   236 | D:4      | Noticed Sigmund
   268 | D:4      | Noticed Grinder
   271 | D:4      | Paralysed by Grinder for 6 turns
   283 | D:4      | Paralysed by Grinder for 7 turns
   296 | D:4      | Killed Grinder
   296 | D:4      | Reached skill level 3 in Fighting
   296 | D:4      | Reached skill level 1 in Short Blades
   296 | D:4      | Reached skill level 1 in Long Blades
   296 | D:4      | Reached skill level 1 in Axes
   296 | D:4      | Reached skill level 1 in Maces & Flails
   296 | D:4      | Reached skill level 1 in Polearms
   296 | D:4      | Reached skill level 1 in Staves
   296 | D:4      | Reached skill level 1 in Slings
   296 | D:4      | Reached skill level 1 in Bows
   296 | D:4      | Reached skill level 1 in Crossbows
   296 | D:4      | Reached skill level 1 in Throwing
   296 | D:4      | Reached skill level 1 in Armour
   296 | D:4      | Reached skill level 1 in Stealth
   296 | D:4      | Reached skill level 1 in Shields
   296 | D:4      | Reached skill level 5 in Spellcasting
   296 | D:4      | Reached skill level 1 in Conjurations
   296 | D:4      | Reached skill level 1 in Hexes
   296 | D:4      | Reached skill level 1 in Charms
   296 | D:4      | Reached skill level 1 in Summonings
   296 | D:4      | Reached skill level 1 in Necromancy
   296 | D:4      | Reached skill level 1 in Translocations
   296 | D:4      | Reached skill level 4 in Transmutations
   296 | D:4      | Reached skill level 1 in Fire Magic
   296 | D:4      | Reached skill level 1 in Ice Magic
   296 | D:4      | Reached skill level 1 in Air Magic
   296 | D:4      | Reached skill level 1 in Earth Magic
   296 | D:4      | Reached skill level 1 in Poison Magic
   296 | D:4      | Reached skill level 1 in Invocations
   296 | D:4      | Reached skill level 1 in Evocations
   296 | D:4      | Reached XP level 3. HP: 6/29 MP: 2/9
   296 | D:4      | Reached XP level 4. HP: 8/35 MP: 2/11
   296 | D:4      | Reached XP level 5. HP: 9/41 MP: 2/12
   359 | D:4      | Learned a level 3 spell: Spider Form
   365 | D:4      | Noticed jazmu's ghost (amateur DsSk)
   382 | D:4      | Found a glowing drain.
   395 | D:4      | HP: 4/41 [adder (5)]
   402 | D:4      | HP: 2/41 [poisoned by an adder]
   407 | Sewer    | Entered a sewer
   724 | D:4      | Killed jazmu's ghost
   724 | D:4      | Reached skill level 2 in Short Blades
   724 | D:4      | Reached skill level 2 in Long Blades
   724 | D:4      | Reached skill level 2 in Axes
   724 | D:4      | Reached skill level 2 in Maces & Flails
   724 | D:4      | Reached skill level 2 in Polearms
   724 | D:4      | Reached skill level 2 in Staves
   724 | D:4      | Reached skill level 2 in Slings
   724 | D:4      | Reached skill level 2 in Bows
   724 | D:4      | Reached skill level 2 in Crossbows
   724 | D:4      | Reached skill level 2 in Throwing
   724 | D:4      | Reached skill level 2 in Armour
   724 | D:4      | Reached skill level 5 in Dodging
   724 | D:4      | Reached skill level 2 in Stealth
   724 | D:4      | Reached skill level 2 in Shields
   724 | D:4      | Reached skill level 2 in Invocations
   724 | D:4      | Reached skill level 2 in Evocations
   724 | D:4      | Reached XP level 6. HP: 14/47 MP: 4/14
   773 | D:4      | Found a hazy altar of Hepliaklqana.
   838 | D:5      | Entered Level 5 of the Dungeon
   851 | D:5      | Found a stormy altar of Qazlal.
   855 | D:5      | HP: 4/47 [poisoned by a worker ant]
   860 | D:5      | HP: 3/47 [poisoned by a worker ant]
   867 | D:5      | Noticed Eustachio
   867 | D:5      | HP: 2/47 [poisoned by a worker ant]
   875 | D:5      | HP: 1/47 [poisoned by a worker ant]
   877 | D:5      | Gained mutation: Your spells are a little harder to cast, but a little more powerful. [potion of mutation]
   877 | D:5      | Gained mutation: You have large cloven feet. [potion of mutation]
   929 | D:5      | HP: 1/47 [adder (4)]
   930 | D:5      | Quit the game

Skill      XL: |  1  2  3  4  5 |
---------------+----------------+-----
Fighting       | 3 |  3.3
Short Blades   | 1 2 |  2.1
Long Blades    | 1 2 |  2.1
Axes           | 1 2 |  2.1
Maces & Flails | 1 2 |  2.1
Polearms       | 1 2 |  2.1
Staves         | 1 2 |  2.1
Slings         | 1 2 |  2.1
Bows           | 1 2 |  2.1
Crossbows      | 1 2 |  2.1
Throwing       | 1 2 |  2.1
Armour         | 1 2 |  2.1
Stealth        | 1 2 |  2.1
Shields        | 1 2 |  2.1
Spellcasting   | 5 |  5.4
Conjurations   | 1 |  1.6
Hexes          | 1 |  1.6
Charms         | 1 |  1.6
Summonings     | 1 |  1.6
Necromancy     | 1 |  1.6
Translocations | 1 |  1.6
Transmutations | 4 |  4.1
Fire Magic     | 1 |  1.6
Ice Magic      | 1 |  1.6
Air Magic      | 1 |  1.6
Earth Magic    | 1 |  1.6
Poison Magic   | 1 |  1.6
Invocations    | 1 2 |  2.3
Evocations     | 1 2 |  2.1
Dodging        | 5 |  5.0
Unarmed Combat | |  6.9

Action                   |  1- 3 |  4- 6 || total
-------------------------+-------+-------++-------
Melee: Unarmed           |    28 |    69 ||    97
       Kick              |     4 |     1 ||     5
       Headbutt          |     1 |       ||     1
       Punch             |     1 |       ||     1
       Bite              |     1 |       ||     1
 Cast: Beastly Appendage |     9 |     1 ||    10
       Sticks to Snakes  |     3 |     7 ||    10
       Spider Form       |       |    15 ||    15
  Use: Potion            |     2 |     7 ||     9
       Scroll            |       |     4 ||     4
 Stab: Distracted        |       |     2 ||     2
       Sleeping          |       |     2 ||     2
  Eat: Chunk             |       |     2 ||     2
Armor: Robe              |     1 |       ||     1
       Skin              |     1 |       ||     1
Dodge: Dodged            |     9 |    48 ||    57

Table legend:
 A = Turns spent in this place as a percentage of turns spent in the entire game.
 B = Non-inter-level travel turns spent in this place as a percentage of non-inter-level travel turns spent in the entire game.
 C = Inter-level travel turns spent in this place as a percentage of turns spent in this place.
 D = Turns resting spent in this place as a percentage of non-inter-level travel turns spent in this place.
 E = Turns spent auto-exploring this place as a percentage of non-inter-level travel turns spent in this place.
 F = Non-inter-level travel turns spent in this place divided by the number of levels of this place that you've seen.
                   A       B       C       D       E      F
               +-------+-------+-------+-------+-------+----------------------
         Total | 100.0 | 100.0 |   0.0 |   0.0 |   0.0 | 155.0
       Dungeon |  72.4 |  72.4 |   0.0 |   0.0 |   0.0 | 134.6
         Sewer |  27.6 |  27.6 |   0.0 |   0.0 |   0.0 | 257.0
               +-------+-------+-------+-------+-------+----------------------

Table legend:
 A = Kills in this place as a percentage of kills in entire the game.
 B = Kills by you in this place as a percentage of kills by you in the entire game.
 C = Kills by friends in this place as a percentage of kills by friends in the entire game.
 D = Other kills in this place as a percentage of other kills in the entire game.
 E = Experience gained in this place as a percentage of experience gained in the entire game.
 F = Experience gained in this place divided by the number of levels of this place that you have seen.
                   A       B       C       D       E      F
               +-------+-------+-------+-------+-------+----------------------
         Total | 100.0 | 100.0 |   N/A |   N/A | 100.0 |  92.2
       Dungeon |  60.0 |  60.0 |   N/A |   N/A |  92.6 | 102.4
         Sewer |  40.0 |  40.0 |   N/A |   N/A |   7.4 |  41.0
               +-------+-------+-------+-------+-------+----------------------

Vault maps used:
D:1:      kilobyte_arrival_exit_the_forest, nrook_mini_vaults
D:2:      old_standard_altar, first_ration, uniq_robin
D:3:      marbit_many_paths, ashenzari_altar_1, minmay_misc_feat_pillars,
          minmay_goblin_kobold_house
D:4:      grunt_temple_overflow_holy_war, lemuel_doored_altar,
          lemuel_crystal_altar, portal_sewer_entry_d, uniq_sigmund, uniq_grinder
D:5:      grunt_qazlal_sundering, minmay_temple_entry_enclosed_plants,
          serial_shops, nicolae_shop_behind_doors, uniq_eustachio
Sewer:    sewer_co_cracked_pipes
